 Dungeon Crawl Stone Soup version 0.28-a0-948-gee6e0bcda6 (webtiles) character file.

Game seed: 15093990235863613466

84 Ijustatesigmund the Charlatan (level 4, -3/34 HPs)
             Began as a Gnoll Artificer on Nov 30, 2021.
             Slain by Grinder (6 damage)
             ... on level 3 of the Dungeon.
             The game lasted 00:04:40 (3409 turns).

Ijustatesigmund the Charlatan (Gnoll Artificer)     Turns: 3409, Time: 00:04:40

Health: -3/34      AC:  5    Str: 12    XL:     4   Next: 46%
Magic:  5/5        EV: 12    Int: 11    God:
Gold:   62         SH:  0    Dex: 12    Spells: 5/5 levels left

rFire   . . .      SeeInvis .   a - +0 long sword
rCold   . . .      Faith    .   (no shield)
rNeg    . . .      Spirit   .   b - +1 leather armour
rPois   .          Reflect  .   p - +0 helmet
rElec   .          Harm     .   (no cloak)
rCorr   .          Rampage  .   (no gloves)
Will    .....                   (no boots)
Stlth   ++........              (no amulet)
HPRegen 0.11/turn               (no ring)
MPRegen 0.09/turn               (no ring)

@: no status effects
A: fangs 1, strong nose, distributed training
a: no special abilities


You were on level 3 of the Dungeon.
You visited 1 branch of the dungeon, and saw 3 of its levels.

You collected 62 gold pieces.

Inventory:

Hand Weapons
 a - a +0 long sword (weapon)
Missiles
 f - 23 poisoned darts
Armour
 b - a +1 leather armour (worn)
 p - a +0 helmet (worn)
Wands
 c - a wand of flame (14) (quivered)
 d - a wand of charming (8)
Potions
 g - a potion of attraction
 h - a potion of flight
 i - a potion of curing
 k - a potion of invisibility {unknown}
 l - a potion of lignification {unknown}
 n - a potion of brilliance {unknown}
 o - a potion of magic {unknown}
 q - a potion of mutation {unknown}
Miscellaneous
 e - a piece from Xom's chessboard (15/15)


   Skills:
 + Level 2.7 Fighting
 + Level 1.1 Short Blades
 + Level 1.1 Long Blades
 + Level 1.1 Axes
 + Level 1.1 Maces & Flails
 + Level 1.1 Polearms
 + Level 1.1 Staves
 + Level 1.1 Slings
 + Level 1.1 Bows
 + Level 1.1 Crossbows
 + Level 1.1 Throwing
 + Level 4.6 Armour
 + Level 2.7 Dodging
 + Level 2.5 Stealth
 + Level 1.1 Shields
 + Level 1.1 Unarmed Combat
 + Level 1.1 Spellcasting
 + Level 0.9 Conjurations
 + Level 0.9 Hexes
 + Level 0.9 Summonings
 + Level 0.9 Necromancy
 + Level 0.9 Translocations
 + Level 0.9 Transmutations
 + Level 0.9 Fire Magic
 + Level 0.9 Ice Magic
 + Level 0.9 Air Magic
 + Level 0.9 Earth Magic
 + Level 0.9 Poison Magic
 + Level 1.2 Invocations
 + Level 6.6 Evocations


You had 5 spell levels left.
You didn't know any spells.
Your spell library contained the following spells:

 Spells                   Type           Power      Damage    Failure   Level
 Conjure Flame            Conj/Fire      2%         6-21      63%         3
 Ignite Poison            Fire/Tmut/Pois 2%         N/A       63%         3
 Sticky Flame             Conj/Fire      2%         2d3       95%         4


Dungeon Overview and Level Annotations

Branches:
Dungeon (3/15)

Altars:
Xom

Annotations:
D:3 Grinder, Ijyb


Innate Abilities, Weirdness & Mutations

You have very sharp teeth.
Your uncanny sense of smell can sniff out nearby items.
Your experience applies equally to all skills.


Message History

g - Guard the area. f - Follow me.
Anything else - Cancel.
Gang up on whom?
Press: ? - help, Dir - move target, f - Grinder, p - kobold
Aim: Grinder Attack!
You closely miss Grinder.
Grinder blinks!
Your kobold hits Grinder with a +0 whip.
Grinder gestures at you. Pain shoots through your body!
Ijyb the Twisted Goblin comes into view.
She is wielding a +0 dagger and carrying a wand of flame (9).
Ijyb shouts!
Your kobold hits Grinder with a +0 whip.
Grinder closely misses you.
You barely miss Grinder.
Grinder is lightly wounded.
Your kobold hits Grinder with a +0 whip.
Grinder hits you!
Your kobold hits Grinder with a +0 whip.
You barely miss Grinder.
Grinder is moderately wounded.
Grinder closely misses you.
Your kobold hits Grinder but does no damage.
Ijyb hits you with a +0 dagger.
Aiming: Charm
Press: ? - help, Shift-Dir - straight line, f - Ijyb, p - Grinder
Aim: Ijyb, wielding a +0 dagger, wearing a +0 ring mail and carrying a wand of flame (9) (chance to affect: 73%) Ijyb is charmed.
Grinder says, "Mostly I couldn't keep them alive."
Grinder hits you.
You writhe in agony.
Your kobold hits Grinder but does no damage.
You hit Grinder.
Grinder is moderately wounded.
Grinder hits you.
* * * LOW HITPOINT WARNING * * *
You writhe in agony.
* * * LOW HITPOINT WARNING * * *
Your kobold hits Grinder but does no damage.
Ijyb closely misses Grinder.
Grinder hits you.
You die...

#.........#
..........######
#..............#
#...............
#.........##### # .
#.........########. .#.#
#..........##.....$....#
########......####...###
####..#......@5......
####............Kg......
.....##....#.>.........#
#####...)###......####..
#...###..###### . .....
#..# #.#.#. #..# .. #.#.
...# # # #. ###.#


You could see Grinder (ally target), the friendly Ijyb (charmed) and a friendly
kobold (charmed).

Vanquished Creatures
  An adder (D:2)
  3 worms (D:2)
  3 dart slugs
  An orc (D:3)
  8 ball pythons
  3 bats (D:1)
  6 endoplasms
  2 giant cockroaches (D:1)
  4 hobgoblins
  4 kobolds
  A quokka (D:3)
  4 frilled lizards (D:1)
  5 goblins
  6 rats
51 creatures vanquished.

Vanquished Creatures (collateral kills)
  An orc (D:1)
  A ball python (D:1)
  An endoplasm (D:1)
  A goblin (D:1)
  A kobold (D:1)
5 creatures vanquished.

Grand Total: 56 creatures vanquished

Notes
Turn   | Place    | Note
-------+----------+-------------------------------------------
     0 | D:1      | Ijustatesigmund the Gnoll Artificer began the quest for the
                  | Orb.
     0 | D:1      | Reached XP level 1. HP: 17/17 MP: 1/1
   240 | D:1      | Reached XP level 2. HP: 21/23 MP: 2/2
   769 | D:1      | Reached XP level 3. HP: 26/28 MP: 3/3
  1452 | D:2      | Reached skill level 1 in Invocations
  1792 | D:2      | Reached skill level 1 in Short Blades
  1792 | D:2      | Reached skill level 1 in Long Blades
  1792 | D:2      | Reached skill level 1 in Axes
  1792 | D:2      | Reached skill level 1 in Maces & Flails
  1792 | D:2      | Reached skill level 1 in Polearms
  1792 | D:2      | Reached skill level 1 in Staves
  1792 | D:2      | Reached skill level 1 in Slings
  1792 | D:2      | Reached skill level 1 in Bows
  1792 | D:2      | Reached skill level 1 in Crossbows
  1792 | D:2      | Reached skill level 1 in Throwing
  1792 | D:2      | Reached skill level 1 in Shields
  1792 | D:2      | Reached skill level 1 in Unarmed Combat
  1792 | D:2      | Reached skill level 1 in Spellcasting
  2050 | D:2      | Found a shimmering altar of Xom.
  2055 | D:2      | Reached XP level 4. HP: 34/34 MP: 5/5
  2926 | D:2      | Found a faded altar of an unknown god.
  3016 | D:3      | Noticed Grinder
  3022 | D:3      | Paralysed by Grinder for 2 turns
  3026 | D:3      | Paralysed by Grinder for 3 turns
  3405 | D:3      | Noticed Ijyb
  3409 | D:3      | Slain by Grinder

Illustrated notes

Levels and vault maps discovered:
D:1:      scummos_arrival_forest, layout_loops_corners,
          amcnicky_mini_pool_small, minivault_5, nrook_campfire
D:2:      layout_basic, basic_altar, shapermc_ecumenical_altar_petra
D:3:      layout_rooms, uniq_ijyb, uniq_grinder

Skill      XL: |  1  2  3 |
---------------+----------+-----
Invocations    | 1 |  1.2
Short Blades   | 1 |  1.1
Long Blades    | 1 |  1.1
Axes           | 1 |  1.1
Maces & Flails | 1 |  1.1
Polearms       | 1 |  1.1
Staves         | 1 |  1.1
Slings         | 1 |  1.1
Bows           | 1 |  1.1
Crossbows      | 1 |  1.1
Throwing       | 1 |  1.1
Shields        | 1 |  1.1
Unarmed Combat | 1 |  1.1
Spellcasting   | 1 |  1.1
Fighting       | |  2.7
Armour         | |  4.6
Dodging        | |  2.7
Stealth        | |  2.5
Conjurations   | |  0.9
Hexes          | |  0.9
Summonings     | |  0.9
Necromancy     | |  0.9
Translocations | |  0.9
Transmutations | |  0.9
Fire Magic     | |  0.9
Ice Magic      | |  0.9
Air Magic      | |  0.9
Earth Magic    | |  0.9
Poison Magic   | |  0.9
Evocations     | |  6.6

Action                   |  1- 3 |  4- 6 || total
-------------------------+-------+-------++-------
Melee: Mace              |    85 |       ||    85
       Club              |     5 |       ||     5
       Bite              |     6 |     4 ||    10
       Long sword        |    26 |    68 ||    94
       Punch             |     1 |       ||     1
Evoke: Wand              |     5 |     3 ||     8
  Use: Scroll            |     5 |     3 ||     8
       Potion            |       |     1 ||     1
 Stab: Sleeping          |     5 |     1 ||     6
Armor: Leather armour    |    28 |    31 ||    59
Dodge: Dodged            |    80 |    65 ||   145

Table legend: (Time is in decaauts)
 A = Elapsed time spent in this place.
 B = Non-inter-level travel time spent in this place.
 C = Inter-level travel time spent in this place.
 D = Time resting spent in this place.
 E = Time spent auto-exploring this place.
 F = Levels seen in this place.
 G = Mean time per level.
                   A        B        C        D        E       F      G
               +--------+--------+--------+--------+--------+-----+--------+
         Total |   3475 |   3428 |     47 |   1077 |   1804 |   3 | 1158.3 |
       Dungeon |   3475 |   3428 |     47 |   1077 |   1804 |   3 | 1158.3 |
               +--------+--------+--------+--------+--------+-----+--------+

Top non-repeatable levels by time:
     D:1: 1770 daAuts
     D:2: 1523 daAuts
     D:3: 181 daAuts
